 Dungeon Crawl Stone Soup version 0.17-a0-1421-g95311d7 (webtiles) character file.

485 bal the Ducker (level 6, -4/47 HPs)
             Began as a Demonspawn Gladiator on June 24, 2015.
             Was an Initiate of Fedhas.
             Slain by an orc warrior
             ... wielding a +0 battleaxe
              (9 damage)
             ... on level 4 of the Dungeon.
             The game lasted 00:15:14 (3113 turns).

bal the Ducker (Demonspawn Gladiator)               Turns: 3113, Time: 00:15:16

Health: -4/47      AC: 18    Str: 16      XL:     6   Next: 88%
Magic:  6/6        EV:  8    Int:  9 (11) God:    Fedhas [......]
Gold:   181        SH:  0    Dex: 12 (13) Spells: 0 memorised, 5 levels left

rFire  . . .     SeeInvis .     a - +1 dagger (speed)
rCold  . . .     Clarity  .     A - +0 chain mail
rNeg   . . .     SustAt   .     (no shield)
rPois  .         Gourm    .     c - +0 helmet
rElec  .         Spirit   .     w - +0 cloak
rCorr  .         Warding  .     (no gloves)
rMut   .         Stasis   .     s - +0 pair of boots
MR     .....                    (no amulet)
Stlth  ..........               (no ring)
                                p - ring of invisibility

@: confused, not resistant to hostile enchantments, extremely unstealthy
A: talons 1, iridescent scales 2, deterioration 1, sense surroundings 1
a: Renounce Religion, Evoke Invisibility


You were on level 4 of the Dungeon.
You worshipped Fedhas.
Fedhas was noncommittal.
You were not hungry.

You visited 2 branches of the dungeon, and saw 5 of its levels.

You collected 181 gold pieces.

Inventory:

Hand weapons
 a - a +1 dagger of speed (weapon)
 b - a +0 hunting sling
 j - a +0 hunting sling
 q - a +0 war axe
Missiles
 d - 3 throwing nets
 l - 8 poisoned needles
 t - 3 tomahawks (quivered)
 v - 9 exploding sling bullets
Armour
 c - a +0 helmet (worn)
 s - a +0 pair of boots (worn)
 w - a +0 cloak (worn)
 A - a +0 chain mail (worn)
Jewellery
 f - an uncursed amulet of rage
 n - a +2 ring of intelligence
 p - a ring of invisibility (left hand)
Magical devices
 x - a wand of frost (13)
Scrolls
 g - 3 scrolls of fog
 m - 3 scrolls of enchant weapon
 r - 3 scrolls of teleportation {unknown}
Potions
 k - 3 potions of brilliance
 o - a potion of curing
Comestibles
 e - a bread ration
 h - a fruit


   Skills:
 + Level 3.3 Fighting
 + Level 2.2 Short Blades
 + Level 3.2 Axes
 + Level 0.1(1.1) Slings
 + Level 1.8 Throwing
 + Level 2.5 Armour
 + Level 4.8 Dodging
 + Level 0.4 Stealth
 + Level 0.8 Evocations


You had 5 spell levels left.
You didn't know any spells.

Dungeon Overview and Level Annotations

Branches:
Dungeon (4/15)             Temple (1/1) D:4

Altars:
Ashenzari
Dithmenos
Elyvilon
Fedhas
Kikubaaqudgha
Makhleb
Qazlal
Ru
Trog
Vehumet
Xom
Yredelemnul
The Shining One

Shops:
D:4 !


Innate Abilities, Weirdness & Mutations

You are mostly covered in iridescent scales (AC +6).
You have sharp toenails.
Your body sometimes deteriorates upon taking damage.
You passively map a small area around you.


Message History

You're too confused to move!
Something hits you but does no damage. The orc warrior completely misses you.
Something hits you but does no damage.
Your chain mail prevents you from hitting something.
Something hits you but does no damage.
You bump into the rock wall.
You feel less confused.
The orc warrior hits you with a battleaxe.
* * * LOW HITPOINT WARNING * * *
You hear some strange, mumbled words.
You are confused.
Something hits you but does no damage.
You bump into the rock wall.
You hear some strange, mumbled words.
A magic dart appears from out of thin air!
The magic dart hits you!
* * * LOW HITPOINT WARNING * * *
Your body deteriorates!
You feel dopey.
The orc warrior hits you with a battleaxe!
You die...
Fedhas appreciates your contribution to the ecosystem.

* * , ######## ,*
, ## #....... ..
####.###### * **
##.########.##)#
*
##.o{@{o....#§..#
#.#.#o#####..####
* * #.#.#.#
##§### *###
.......##§##*, ,
,§§§ * *
#....##§## ,, §§§
. *#.#.!{## * , ,
,§§§ *
..####.#..#.# §§§
.........÷##.# ,
, ###
*.###.....## #.#
, #_.


You could see an orc warrior, an orc wizard and an orc.

Vanquished Creatures
  2 ogres (D:4)
  An orc priest (D:4)
  2 hounds (D:4)
  An orc wizard (D:4)
  A centaur skeleton (D:4)
  A worker ant (D:4)
  A gnoll (D:1)
  5 adders
  An ooze (D:1)
  2 worms
  2 giant geckos
  5 orcs
  3 giant cockroaches
  9 hobgoblins
  3 jackals (D:4)
  A quokka (D:3)
  3 bats
  A giant newt (D:2)
  13 goblins
  9 kobolds
  10 rats
76 creatures vanquished.

Vanquished Creatures (others)
  A rat (D:4)
  7 toadstools (D:4)
8 creatures vanquished.

Grand Total: 84 creatures vanquished

Notes
Turn   | Place    | Note
--------------------------------------------------------------
     0 | D:1      | bal the Demonspawn Gladiator began the quest for the Orb.
     0 | D:1      | Reached XP level 1. HP: 16/16 MP: 1/1
   133 | D:1      | Reached skill level 3 in Dodging
   162 | D:1      | Gained mutation: You are partially covered in iridescent scales (AC +4). [demonic ancestry]
   162 | D:1      | Reached XP level 2. HP: 15/22 MP: 2/2
   360 | D:1      | Reached XP level 3. HP: 27/27 MP: 3/3
  1316 | D:2      | Reached XP level 4. HP: 34/34 MP: 4/4
  1546 | D:3      | Reached skill level 1 in Armour
  1785 | D:3      | Found an ancient bone altar of Kikubaaqudgha.
  1978 | D:3      | Found a faded altar to an unknown god.
  2201 | D:4      | Reached skill level 1 in Short Blades
  2201 | D:4      | Reached skill level 4 in Dodging
  2201 | D:4      | Reached XP level 5. HP: 27/39 MP: 5/5
  2253 | D:4      | Noticed an ogre
  2259 | D:4      | Killed an ogre
  2358 | D:4      | Gained mutation: You are mostly covered in iridescent scales (AC +6). [demonic ancestry]
  2358 | D:4      | Reached XP level 6. HP: 33/47 MP: 6/6
  2469 | D:4      | Gained mutation: Your body sometimes deteriorates upon taking damage. [potion of mutation]
  2469 | D:4      | Gained mutation: You passively map a small area around you. [potion of mutation]
  2469 | D:4      | Gained mutation: You have sharp toenails. [potion of mutation]
  2567 | D:4      | Found a staircase to the Ecumenical Temple.
  2576 | D:4      | Found Boj Giesh's Distillery.
  2615 | Temple   | Entered the Ecumenical Temple
  2706 | Temple   | Became a worshipper of Fedhas Madash
  2892 | D:4      | Found a stormy altar of Qazlal.
  3028 | D:4      | Noticed an orc warrior
  3113 | D:4      | Slain by an orc warrior

Vault maps used:
D:1:      saegor_arrival_simple_d
D:3:      wad_pebble_path, lemuel_round_altar, ecumenical_altar_2, first_bread
D:4:      minmay_temple_entry_glassed_door, serial_shops, shop,
          minmay_liquid_box, minivault_23, nicolae_qazlal_eye_of_the_storm
Temple:   circular_temple_12

Action                   |  1- 3 |  4- 6 || total
-------------------------+-------+-------++-------
Melee: War axe           |    75 |       ||    75
       Dagger            |    83 |   344 ||   427
 Fire: Hunting sling     |       |     3 ||     3
Throw: Tomahawk          |       |     5 ||     5
Evoke: Wand              |       |    12 ||    12
  Use: Scroll            |     5 |     4 ||     9
       Potion            |     5 |     6 ||    11
  Eat: Chunk             |     1 |     4 ||     5
       Fruit             |       |     2 ||     2
       Bread ration      |       |     1 ||     1
